 Dungeon Crawl Stone Soup version 0.31-a0-559-g03b8d61ab2 (webtiles) character file.

Game seed: 17257584793168296043

504 Ethylacetat the Insei (level 7, -8/49 HPs)
             Began as an Octopode Gladiator on Aug 17, 2023.
             Was an Initiate of Gozag.
             Killed by divine providence
             ... invoked by an orc priest
              (12 damage)
             ... on level 5 of the Dungeon.
             The game lasted 00:02:16 (2106 turns).

Ethylacetat the Insei (Octopode Gladiator)          Turns: 2106, Time: 00:02:17

Health: -8/49      AC:  1    Str: 14    XL:     7   Next: 17%
Magic:  7/7        EV: 15    Int: 10    God:    Gozag
Gold:   349        SH:  0    Dex: 15    Spells: 6/6 levels left

rFire   . .          .
                       - Unarmed
rCold   . . .        (no shield)
rNeg    . . .        a - +0 hat
rPois   .            (no amulet)
rElec   .            (no ring)
rCorr   .            (no ring)
SInv    .            (no ring)
Will    .....        (no ring)
Stlth   ++           (no ring)
HPRegen 0.28/turn    (no ring)
MPRegen 0.10/turn    (no ring)
                     (no ring)

%: no passive effects
@: no status effects
A: almost no armour, amphibious, 8 rings, camouflage 1, gelatinous body 1,
(nimble swimmer 1), tentacles
a: Renounce Religion, Potion Petition, Call Merchant, Bribe Branch


You were on level 5 of the Dungeon.
You worshipped Gozag.
Gozag was aware of your devotion.
You visited 1 branch of the dungeon, and saw 4 of its levels.

You collected 349 gold pieces.

Inventory:

Missiles
 b - 2 throwing nets (quivered)
Armour
 a - a +0 hat (worn)
Scrolls
 d - 4 scrolls of identify {unknown}
 e - a scroll of immolation {unknown}
 f - a scroll of torment {unknown}
Potions
 g - a potion of attraction {unknown}
 h - a potion of lignification {unknown}
 i - a potion of heal wounds {unknown}
 j - a potion of enlightenment {unknown}
 k - 2 potions of resistance {unknown}


   Skills:
 + Level 4.6 Fighting
 - Level 2.0 Throwing
 + Level 5.1 Dodging
 + Level 5.1 Unarmed Combat


You had 6 spell levels left.
You didn't know any spells.
Your spell library was empty.

Dungeon Overview and Level Annotations

Branches:
Dungeon (5/15)             Temple (0/1) D:4

Altars:
Gozag

Annotations:
D:5 Pikel


Innate Abilities, Weirdness & Mutations

You cannot wear most types of armour.
You are amphibious.
You can wear up to eight rings at the same time.
Your skin changes colour to match your surroundings (Stealth+).
Your rubbery body absorbs attacks. (AC +1, EV +1)
((You are camouflaged when in or above water. (Stealth+)))
You have tentacles for arms and can constrict up to eight enemies at once.


Message History

The javelin closely misses the orc wizard.
Okay, then.
Throw: 3 throwing nets
Press: ? - help, Q - select action, (/) - cycle Shift-Dir - straight line, f/p - orc priest
Aim: an orc priest, wielding a +0 whip and wearing a +0 leather armour (59% to hit)
You throw a throwing net. The throwing net hits the orc priest.
The orc priest is caught in the net!
The orc priest struggles against the net.
The ogre misses you.
You tentacle-slap the ogre. You squeeze the ogre!
The ogre is moderately wounded.
The orc priest struggles against the net.
The orc wizard mumbles some strange words.
The orc wizard flickers and vanishes!
The ogre hits you with a +0 giant club!!
You barely miss the ogre.
The ogre is moderately wounded.
The orc priest struggles against the net.
You tentacle-slap the ogre but do no damage.
You squeeze the ogre.
The ogre is heavily wounded.
The orc priest struggles against the net.
The orc hits you but does no damage.
The ogre hits you with a +0 giant club!!
Ouch! That really hurt!
* * * LOW HITPOINT WARNING * * *
The orc misses you.
You tentacle-slap the ogre. x2
The ogre is severely wounded.
The orc hits you with a +0 short sword.
* * * LOW HITPOINT WARNING * * *
The orc priest struggles against the net.
The net rips apart, and the orc priest comes free!
You barely miss the ogre.
The ogre is severely wounded.
The ogre barely misses you. The orc misses you.
The orc priest calls down the wrath of Beogh upon you.
Beogh smites you!
You die...
Your body crumbles into a pile of gold.

## ##.# ##...# # .<
#...## # ##...# ###
.# #....# ..## .#
##...## .#.# #.#
##...## ...## ..#
##..### #.#)###..#
##..## .....##..#
#..@o# .#.#.....#
####O§#
..####...###.# ≈{o≈≈
..###........#≈8o.8≈#
.............+..§≈..+
.............+..≈§..+
######.......#≈8§.8≈#
###.....#≈≈(.≈≈#
#.....###++#


You could see an ogre, an orc priest and 2 orcs.

Vanquished Creatures
  Sigmund (D:5)
  Blork the orc (D:5)
  2 scorpions (D:4)
  2 hounds
  An orc wizard (D:4)
  3 adders
  2 worms
  2 dart slugs
  4 orcs (D:4)
  2 ball pythons (D:1)
  3 bats
  2 endoplasms
  2 giant cockroaches
  3 goblins
  4 hobgoblins
  2 jackals (D:1)
  A frilled lizard (D:1)
  A kobold (D:4)
  6 rats
44 creatures vanquished.

Notes
Turn   | Place    | Note
-------+----------+-------------------------------------------
     0 | D:1      | Ethylacetat the Octopode Gladiator began the quest for the
                  | Orb.
     0 | D:1      | Reached XP level 1. HP: 14/14 MP: 1/1
    75 | D:1      | Reached XP level 2. HP: 16/19 MP: 2/2
   132 | D:1      | Found a faded altar of an unknown god.
   170 | D:1      | Prayed at the altar of an unknown god.
   170 | D:1      | Became a worshipper of Gozag Ym Sagoz the Greedy
   968 | D:2      | Reached XP level 3. HP: 23/25 MP: 3/3
  1037 | D:2      | You fall into a shaft and drop 2 floors!
  1117 | D:4      | Noticed a scorpion
  1129 | D:4      | Killed a scorpion
  1130 | D:4      | Reached XP level 4. HP: 22/31 MP: 4/4
  1278 | D:4      | Noticed a scorpion
  1285 | D:4      | Killed a scorpion
  1286 | D:4      | Reached XP level 5. HP: 32/36 MP: 5/5
  1355 | D:4      | Found a staircase to the Ecumenical Temple.
  1858 | D:5      | Entered Level 5 of the Dungeon
  1858 | D:5      | Noticed Blork the orc
  1864 | D:5      | Killed Blork the orc
  1865 | D:5      | Reached XP level 6. HP: 35/43 MP: 6/6
  1918 | D:5      | Noticed Pikel
  2001 | D:5      | Noticed Sigmund
  2007 | D:5      | Killed Sigmund
  2008 | D:5      | Reached skill level 5 in Dodging
  2008 | D:5      | Reached skill level 5 in Unarmed Combat
  2008 | D:5      | Reached XP level 7. HP: 49/49 MP: 7/7
  2106 | D:5      | Killed from afar by an orc priest

Illustrated notes

Levels and vault maps discovered:
D:1:      scummos_arrival_forest, layout_loops_ring,
          dreamdust_ecumenical_altar_grove, hangedman_decor_peaks_small,
          lemuel_flame_loot_1
D:2:      layout_loops_cross, uniq_crazy_yiuf_cottage, uniq_jessica
D:4:      layout_basic, minmay_temple_entry_stoned_glass,
          hangedman_decor_opposing, minmay_misc_feat_four_crosses,
          minmay_misc_feat_alley
D:5:      layout_layer_cave, hex_tiny, kennysheep_generic_room_15,
          uniq_blork_the_orc, uniq_pikel, uniq_sigmund

Skill      XL: |  1  2  3  4  5  6 |
---------------+-------------------+-----
Fighting       | 3 4 |  4.6
Dodging        | 4 5 |  5.1
Unarmed Combat | 4 5 |  5.1
Throwing       | |  2.0

Action                     |  1- 3 |  4- 6 |  7- 9 || total
---------------------------+-------+-------+-------++-------
  Melee: Unarmed           |    62 |    48 |     5 ||   115
         Constrict         |    16 |    16 |       ||    32
         Tentacles         |    11 |    15 |     2 ||    28
         Punch             |     3 |     3 |     1 ||     7
  Throw: Javelin           |       |       |     1 ||     1
         Throwing net      |       |       |     1 ||     1
   Stab: Sleeping          |     2 |     2 |       ||     4
 Armour: Skin              |     4 |     1 |     1 ||     6
  Dodge: Dodged            |    39 |    27 |     4 ||    70

Table legend: (Time is in decaauts)
 A = Elapsed time spent in this place.
 B = Non-inter-level travel time spent in this place.
 C = Inter-level travel time spent in this place.
 D = Time resting spent in this place.
 E = Time spent auto-exploring this place.
 F = Levels seen in this place.
 G = Mean time per level.
                   A        B        C        D        E       F      G
               +--------+--------+--------+--------+--------+-----+--------+
         Total |   2098 |   2007 |     91 |      0 |   1724 |   4 |  524.5 |
       Dungeon |   2098 |   2007 |     91 |      0 |   1724 |   4 |  524.5 |
               +--------+--------+--------+--------+--------+-----+--------+

Top non-repeatable levels by time:
     D:1: 916 daAuts
     D:4: 836 daAuts
     D:5: 229 daAuts
     D:2: 116 daAuts
